Map: Port Aleksander LE

Players

kingamin

  • Race: Protoss Protoss
  • Spawn Location: 5:00

Zalltor - Winner!

  • Race: Protoss Protoss
  • Spawn Location: 11:00

VOD

Have the link to the VOD?

Description

Time

  • Played on: March 21, 2019, 11:19 p.m.
  • Length: 13:52
Show
View Real Time Build Order
Export as new Build Order

kingamin Protoss 

Build Orders:  

Get SALT Encoding   

  12  0:02  Probe  
  13  0:12  Probe  
  13  0:20  Probe  
  14  0:27  Assimilator  
  15  0:38  Pylon  
  15  0:49  Pylon  
  15  0:55  Probe  
  16  1:03  Probe  
  17  1:11  Probe  
  17  1:16  Assimilator  
  18  1:22  Probe  
  19  1:28  Gateway  
  19  1:35  Probe  
  20  1:47  Probe  
  21  1:55  Forge  
  21  1:59  Probe  
  22  2:11  Probe  
  23  2:24  Pylon  
  23  2:48  Cybernetics Core  
  23  3:18  Stalker  
  25  3:39  Stalker  
  25  3:48  Nexus  
  27  3:58  Protoss Shields Level 1  
  27  4:07  Stalker  
  29  4:13  Twilight Council  
  29  4:16  Stargate  
  29  4:37  Stalker, Robotics Facility  
  31  5:02  Pylon  
  31  5:07  Pylon, Stalker  
  33  5:15  Pylon  
  33  5:22  Void Ray  
  37  5:37  Stalker  
  37  5:38  Probe  
  37  5:41  Assimilator  
  40  5:44  Assimilator  
  40  5:50  Probe  
  40  5:52  Protoss Ground Weapons Level 1  
  41  6:02  Probe  
  42  6:08  Templar Archives  
  42  6:14  Probe  
  42  6:18  Robotics Bay  
  43  6:25  Probe  
  44  6:33  Probe  
  45  6:41  Probe  
  46  6:52  Probe  
  47  6:56  Stalker  
  49  7:05  Probe  
  50  7:26  Stalker  
  50  7:29  Photon Cannon  
  52  7:45  Probe  
  52  7:46  Protoss Ground Armor Level 1  
  53  7:56  Stalker  
  53  7:57  Probe  
  56  8:04  Photon Cannon  
  56  8:06  Photon Cannon  
  56  8:09  Probe  
  57  8:14  Photon Cannon  
  57  8:17  Photon Cannon  
  57  8:21  Probe  
  57  8:26  Stalker  
  60  8:27  Photon Cannon  
  60  8:33  Probe, Photon Cannon  
  61  8:45  Probe  
  62  8:56  Stalker  
  62  8:57  Probe  
  65  9:31  Colossus  
  71  9:43  Void Ray  
  75  9:55  Pylon  
  75  9:58  Pylon  
  75  10:03  Pylon  
  75  10:08  Stalker  
  77  10:18  Colossus  
  77  10:21  Void Ray  
  87  10:38  Stalker  
  87  10:42  Nexus  
  89  10:49  Protoss Air Weapons Level 1  
  89  10:58  Void Ray  
  93  11:07  Stalker  
  95  11:17  Protoss Ground Armor Level 2  
  95  11:37  Stalker  
  97  11:41  Void Ray  
  101  12:07  Stalker  
  103  12:12  Pylon  
  103  12:19  Pylon  
  103  12:22  Pylon  
  103  12:24  Void Ray  
Show
View Real Time Build Order
Export as new Build Order

Zalltor Protoss - Winner!

Build Orders:  

Get SALT Encoding   

  1  0:00  Probe  
  12  0:06  Probe  
  14  0:23  Probe  
  14  0:27  Pylon  
  15  0:42  Pylon  
  15  0:47  Assimilator  
  15  0:49  Probe  
  16  0:50  Assimilator  
  16  1:07  Probe  
  16  1:13  Gateway  
  16  1:15  Probe  
  18  1:25  Probe  
  19  1:37  Forge  
  19  1:59  Nexus  
  19  2:04  Protoss Ground Weapons Level 1  
  19  2:05  Probe  
  19  2:06  Zealot  
  21  2:13  Probe  
  23  2:47  Pylon  
  23  2:48  Probe  
  23  2:50  Pylon  
  24  2:52  Assimilator  
  24  2:55  Assimilator  
  24  3:00  Probe  
  25  3:13  Probe  
  26  3:20  Cybernetics Core  
  26  3:34  Probe  
  26  3:37  Gateway  
  26  3:40  Gateway  
  27  3:42  Probe  
  27  3:43  Pylon  
  28  3:54  Zealot  
  30  4:20  Twilight Council  
  30  4:31  Probe  
  30  4:36  Robotics Facility  
  30  4:37  Robotics Facility  
  31  4:39  Probe, Robotics Facility  
  31  4:43  Robotics Facility  
  32  4:49  Probe  
  33  5:01  Probe  
  34  5:07  Templar Archives  
  34  5:12  Probe  
  34  5:13  Stargate  
  35  5:18  Probe  
  35  5:20  Probe  
  37  5:28  Probe  
  37  5:30  Probe  
  39  5:40  Probe  
  40  5:43  Probe  
  40  5:48  High Templar  
  40  5:49  Protoss Ground Weapons Level 2  
  41  5:51  Probe, Warp Gate, Robotics Bay  
  44  6:09  Immortal  
  48  6:26  Nexus  
  48  6:29  Assimilator  
  48  6:32  Assimilator  
  48  6:35  Pylon  
  48  6:38  Pylon  
  48  6:41  Pylon  
  48  6:43  Colossus  
  54  7:01  Void Ray  
  58  7:14  Probe  
  58  7:22  Probe  
  59  7:23  Colossus  
  66  7:31  Colossus  
  66  7:32  Probe  
  66  7:35  Probe  
  73  7:43  Probe  
  74  7:44  Probe  
  76  7:52  Probe  
  76  7:55  Protoss Ground Weapons Level 3  
  76  7:56  Probe  
  78  8:09  Probe  
  79  8:16  High Templar  
  79  8:17  High Templar  
  83  8:21  Probe  
  84  8:30  Immortal  
  84  8:33  Probe  
  89  8:35  Probe  
  90  8:43  Probe  
  91  8:49  Pylon  
  91  8:51  Pylon  
  91  8:52  Probe  
  92  8:56  Pylon  
  92  9:00  Pylon, Probe  
  92  9:08  Probe  
  93  9:10  Probe  
  93  9:16  Colossus x2  
  101  9:19  Probe  
  101  9:22  Probe  
  101  9:24  Colossus  
  109  9:30  Probe  
  115  9:34  Probe  
  115  9:36  Colossus  
  123  9:38  Probe  
  124  9:45  High Templar  
  124  9:46  Probe x2, High Templar  
  124  9:49  Archon  
  130  9:55  Void Ray  
  130  9:58  Probe  
  135  10:14  High Templar  
  137  10:37  Immortal  
  141  10:56  Pylon  
  141  10:57  Pylon  
  141  11:00  Pylon  
  141  11:07  Void Ray  
  141  11:14  Immortal, Colossus  
  141  11:16  High Templar  
  141  11:18  Immortal, Protoss Ground Armor Level 1, High Templar  
  161  11:19  High Templar  
  161  11:20  Archon  
  161  11:21  Archon  
  161  11:23  Protoss Air Weapons Level 1  
  165  11:49  Pylon x2  
  165  11:50  Pylon  
  165  11:52  Pylon  
  165  12:20  Probe  
  165  12:21  Probe x2  
  168  12:25  Pylon  
  154  12:49  High Templar  
  154  12:50  High Templar x2  
  146  13:35  High Templar  
  146  13:36  High Templar  
Tags
 
Matchup
PvP
Spawn Locations
Cross Positions
Add a new tag
Caveats
  • Supply blocks, unpowered buildings, or Contaminate may cause inaccurate times.
  • Supply counts are checked every 10 seconds.